 Dungeon Crawl Stone Soup version 0.27-a0-906-g0a00ce863d (webtiles) character file.

Game seed: 4124365919313984432

54 Froggeryz the Chiller (level 3, -2/26 HPs)
             Began as a Demigod Ice Elementalist on Apr 7, 2021.
             Slain by a scorpion zombie (5 damage)
             ... on level 2 of the Dungeon.
             The game lasted 00:02:21 (2699 turns).

Froggeryz the Chiller (Demigod Ice Elementalist)    Turns: 2699, Time: 00:02:21

Health: -2/26      AC:  2    Str:  9    XL:     3   Next: 44%
Magic:  9/9        EV: 12    Int: 21    God:
Gold:   71         SH:  0    Dex: 14    Spells: 5/6 levels left

rFire    . . .     SeeInvis .   c - +0 short sword
rCold    . . .     Faith    .   (no shield)
rNeg     . . .     Spirit   .   a - +0 robe
rPois    .         Reflect  .   (no helmet)
rElec    .         Harm     .   (no cloak)
rCorr    .         Rampage  .   (no gloves)
Will     .....                  (no boots)
Stlth    ++........             f - amulet of magic regeneration
HPRegen  0.08/turn              (no ring)
MPRegen  0.36/turn              (no ring)

@: no status effects
A: high mp 1, forlorn
a: no special abilities


You were on level 2 of the Dungeon.
You visited 1 branch of the dungeon, and saw 2 of its levels.

You collected 71 gold pieces.

Inventory:

Hand Weapons
 c - a +0 short sword (weapon)
Armour
 a - a +0 robe (worn)
Jewellery
 f - an amulet of magic regeneration (around neck)
Wands
 g - a wand of charming (10)
Scrolls
 d - a scroll of fog {unknown}
 i - a scroll of amnesia {unknown}
 j - a scroll of identify {unknown}
Potions
 b - a potion of heal wounds {unknown}
 e - a potion of degeneration {unknown}
 h - a potion of invisibility {unknown}


   Skills:
 - Level 1.7 Dodging
 - Level 1.7 Stealth
 + Level 2.4 Spellcasting
 * Level 4.5 Ice Magic


You had 5 spell levels left.
You knew the following spells:

 Your Spells              Type           Power      Damage    Failure   Level
a - Freeze                Ice            84%        1d10      2%          1

Your spell library contained the following spells:

 Spells                   Type           Power      Damage    Failure   Level
 Frozen Ramparts          Ice            42%        1d6       7%          3
 Ozocubu's Armour         Ice            21%        N/A       7%          3
 Confusing Touch          Hex            2%         N/A       38%         3
 Gell's Gravitas          Tloc           1%         N/A       38%         3
 Hailstorm                Conj/Ice       12%        3d5       50%         4
 Summon Ice Beast         Ice/Summ       12%        N/A       50%         4
 Petrify                  Tmut/Erth      2%         N/A       80%         4
 Metabolic Englaciation   Hex/Ice        6%         N/A       83%         5
 Yara's Violent Unravell  Hex/Tmut       1%         3d3       98%         5


Dungeon Overview and Level Annotations

Branches:
Dungeon (2/15)

Shops:
D:2 [


Innate Abilities, Weirdness & Mutations

Your attributes grow dramatically as you level up.
You have an increased reservoir of magic. (+10% MP)
You shall have no god before yourself.


Message History

The scorpion zombie is moderately damaged.
The scorpion zombie hits you!
You hit the scorpion zombie but do no damage.
The scorpion zombie is moderately damaged.
The scorpion zombie barely misses you.
You hit the scorpion zombie but do no damage.
The scorpion zombie is moderately damaged.
The scorpion zombie closely misses you. The scorpion zombie barely misses you.
You barely miss the scorpion zombie.
The scorpion zombie is moderately damaged.
The scorpion zombie hits you.
You hit the scorpion zombie.
The scorpion zombie is moderately damaged.
The scorpion zombie hits you.
You hit the scorpion zombie.
The scorpion zombie is heavily damaged.
The scorpion zombie misses you.
You hit the scorpion zombie.
The scorpion zombie is heavily damaged.
The scorpion zombie closely misses you.
You hit the scorpion zombie.
The scorpion zombie is heavily damaged.
The scorpion zombie hits you but does no damage.
You hit the scorpion zombie.
The scorpion zombie is severely damaged.
The scorpion zombie barely misses you.
You barely miss the scorpion zombie.
The scorpion zombie is severely damaged.
The scorpion zombie hits you.
You hit the scorpion zombie but do no damage.
The scorpion zombie is severely damaged.
The scorpion zombie barely misses you.
You hit the scorpion zombie.
The scorpion zombie is severely damaged.
The scorpion zombie hits you.
* * * LOW HITPOINT WARNING * * *
You hit the scorpion zombie.
The scorpion zombie is severely damaged.
The scorpion zombie hits you.
You die...

#...).(## ##.##..#
######..#####.##<.# ###
##<..........# ..###
###.....##.#####
#...####..######.....#
###......#######.....#
.....................#
################.....#
## #@.#### .# #Z.#
.###### #..# ..[...###
#####..#####
.###....####..........#
..........##..........#
...........#..........#
........##...##########
.##########...#


You could see a scorpion zombie.

Vanquished Creatures
  An adder (D:2)
  A worm (D:2)
  A dart slug (D:1)
  A ball python (D:1)
  3 bats
  An endoplasm (D:1)
  3 goblins
  11 jackals
  A quokka (D:1)
  3 frilled lizards (D:1)
  7 kobolds
  3 rats
36 creatures vanquished.

Notes
Turn   | Place    | Note
-------+----------+-------------------------------------------
     0 | D:1      | Froggeryz the Demigod Ice Elementalist began the quest for
                  | the Orb.
     0 | D:1      | Reached XP level 1. HP: 14/14 MP: 5/5
   649 | D:1      | Reached skill level 4 in Ice Magic
   649 | D:1      | Reached XP level 2. HP: 18/20 MP: 0/7
  1886 | D:2      | Found Voaffoyt's Armour Shoppe.
  1933 | D:2      | Reached XP level 3. HP: 10/26 MP: 7/9
  2699 | D:2      | Slain by a scorpion zombie

Illustrated notes

Levels and vault maps discovered:
D:1:      minmay_arrival_glassed_features, layout_basic
D:2:      layout_rooms, serial_shops, nicolae_shop_crystal,
          basic_ecumenical_altar

Skill      XL: |  1 |
---------------+----+-----
Spellcasting   | 2 |  2.4
Ice Magic      | 4 |  4.5
Dodging        | |  1.7
Stealth        | |  1.7

Action                   || total
-------------------------++-------
Melee: Unarmed           ||    15
       Short sword       ||    86
 Cast: Freeze            ||    31
 Stab: Sleeping          ||     2
       Distracted        ||     1
Armor: Robe              ||    21
Dodge: Dodged            ||    91

Table legend: (Time is in decaauts)
 A = Elapsed time spent in this place.
 B = Non-inter-level travel time spent in this place.
 C = Inter-level travel time spent in this place.
 D = Time resting spent in this place.
 E = Time spent auto-exploring this place.
 F = Levels seen in this place.
 G = Mean time per level.
                   A        B        C        D        E       F      G
               +--------+--------+--------+--------+--------+-----+--------+
         Total |   2707 |   2681 |     26 |    665 |   1718 |   2 | 1353.5 |
       Dungeon |   2707 |   2681 |     26 |    665 |   1718 |   2 | 1353.5 |
               +--------+--------+--------+--------+--------+-----+--------+

Top non-repeatable levels by time:
     D:1: 1762 daAuts
     D:2: 945 daAuts
